 Dungeon Crawl Stone Soup version 0.23-a0-436-g57debff (webtiles) character file.

28 XanderDroid the Shield-Bearer (level 3, -3/23 HPs)
             Began as a Gargoyle Fighter on Nov 16, 2018.
             Slain by Sigmund
             ... wielding a +0 scythe
              (5 damage)
             ... on level 2 of the Dungeon.
             The game lasted 00:02:19 (999 turns).

XanderDroid the Shield-Bearer (Gargoyle Fighter)     Turns: 999, Time: 00:02:20

Health: -3/23      AC: 10    Str: 19    XL:     3   Next: 14%
Magic:  3/3        EV:  7    Int:  8    God:
Gold:   85         SH:  0    Dex: 10    Spells: 2/2 levels left

rFire    . . .     SeeInvis .   a - +0 flail
rCold    . . .     Gourm    .   c - +0 shield
rNeg     + . .     Faith    .   b - +0 scale mail
rPois    ∞         Spirit   .   (no helmet)
rElec    +         Reflect  .   (no cloak)
rCorr    .         Harm     .   (no gloves)
MR       .....                  (no boots)
Stlth    ..........             (no amulet)
HPRegen  0.07/turn              (no ring)
MPRegen  0.08/turn              (no ring)

@: confused
A: negative energy resistance 1, electricity resistance, unbreathing,
petrification resistance, rot immunity, AC +3
a: no special abilities


You were on level 2 of the Dungeon.
You were not hungry.

You visited 1 branch of the dungeon, and saw 2 of its levels.

You collected 85 gold pieces.

Inventory:

Hand Weapons
 a - a +0 flail (weapon)
Armour
 b - a +0 scale mail (worn)
 c - a +0 shield (worn)
Scrolls
 e - a scroll of magic mapping {unknown}
 h - a scroll of enchant armour {unknown}
 i - a scroll of teleportation {unknown}
 j - 2 scrolls of identify {unknown}
 l - a scroll of enchant weapon {unknown}
Potions
 d - a potion of might
 k - a potion of brilliance {unknown}
Comestibles
 f - a ration


   Skills:
 + Level 3.5 Fighting
 * Level 2.7 Maces & Flails
 + Level 3.5 Armour
 + Level 3.5 Shields


You had 2 spell levels left.
You didn't know any spells.
Your spell library was empty.

Dungeon Overview and Level Annotations

Branches:
Dungeon (2/15)

Altars:

Annotations:
D:2 Sigmund, Terence


Innate Abilities, Weirdness & Mutations

You are resistant to torment.
Your stone body is resilient. (AC +3)
You are immune to poison.
You resist negative energy. (rN+)
You are resistant to electric shocks. (rElec)
You can survive without breathing.
You are immune to petrification.
You are immune to rotting.


Message History

The giant cockroach bites you.
You barely miss something. You block the giant cockroach's attack.
Something hits you but does no damage. You block the giant cockroach's attack.
You closely miss something.
The giant cockroach bites you but does no damage.
You hear some strange, mumbled words.
A puff of flame appears from out of thin air!
The puff of flame hits you! The giant cockroach closely misses you.
You miss something.
You hear some strange, mumbled words.
A puff of flame appears from out of thin air!
The puff of flame hits you!
* * * LOW HITPOINT WARNING * * *
The giant cockroach bites you but does no damage.
You barely miss something.
You hear some strange, mumbled words.
You are confused.
The giant cockroach bites you but does no damage.
Something hits you.
You die...

#########
......s@#
......#{#
#.### #@#
#.# #'#
#.....r....
#..........
#..........
#..........


You could see Terence and a giant cockroach.

Vanquished Creatures
  2 dart slugs (D:1)
  A leopard gecko (D:1)
  A giant cockroach (D:1)
  3 goblins (D:1)
  4 hobgoblins (D:1)
  2 jackals (D:1)
  3 kobolds (D:1)
  A bat (D:1)
  A frilled lizard (D:1)
  3 rats (D:1)
21 creatures vanquished.

Notes
Turn   | Place    | Note
-------+----------+-------------------------------------------
     0 | D:1      | XanderDroid the Gargoyle Fighter began the quest for the
                  | Orb.
     0 | D:1      | Reached XP level 1. HP: 14/14 MP: 1/1
   166 | D:1      | Reached XP level 2. HP: 19/19 MP: 2/2
   734 | D:1      | Reached XP level 3. HP: 23/23 MP: 3/3
   954 | D:2      | Noticed Sigmund
   955 | D:2      | Noticed Terence
   999 | D:2      | Slain by Sigmund

Vault maps used:
D:1:      dpeg_arrival_shrine
D:2:      minmay_crystal_water, kennysheep_boxes, uniq_jessica, uniq_terence,
          uniq_sigmund

Action                   || total
-------------------------++-------
Melee: Flail             ||    71
Armor: Scale mail        ||    49
Dodge: Dodged            ||    16
Block: Shield            ||    44

Table legend:
 A = Non-vault XP
 B = Vault XP
 C = Vault XP percentage of total XP
 D = Non-vault monster count
 E = Vault monster count
 F = Vault count percentage of total count
                 A         B        C        D         E       F
            +---------+---------+-------+---------+---------+-------
      Total |      41 |       0 |   0.0 |      21 |       0 |   0.0
            +---------+---------+-------+---------+---------+-------
        D:1 |      41 |       0 |   0.0 |      21 |       0 |   0.0
            +---------+---------+-------+---------+---------+-------
